Description

This is T vs all build

Build Order

Get SALT Encoding   

  12  0:02  SCV  
  13  0:13  SCV  
  14  0:24  Supply Depot  
  14  0:28  SCV  
  15  0:40  SCV  
  15  0:48  Barracks  
  16  0:54  Refinery  
  16  0:58  SCV x3  
  19  1:16  Orbital Command  
  19  1:24  Barracks Reactor  
  19  1:40  Command Center  
  19  1:55  SCV  
  20  2:10  Barracks  
  20  2:13  Marine x2  
  20  2:14  SCV  
  22  2:16  Marine x2  
  22  2:20  Supply Depot  
  23  2:34  Barracks  
  23  2:36  Marine x2  
  23  2:38  SCV  
  26  2:50  Barracks Tech Lab  
  27  3:10  Orbital Command  
  27  3:14  Marine x3  
  30  3:12  Stimpack  
  31  3:18  Barracks Reactor  
  31  3:22  Marine x2  
  34  3:28  Factory  
  36  3:34  Refinery  
  36  3:37  Marine  
  41  3:46  Supply Depot x3  
  47  4:10  Starport  
  47  4:16  Factory Reactor  
  63  4:54  Medivac x2  
  63  5:04  Engineering Bay  
  69  5:12  Combat Shields  Keep making Rines
Spawning Tool Build Advisor. Get it on Overwolf

Go to:

Details

  • Created by: KingCJ
  • Published on: Jan 16, 2018
  • Modified on: Jan 16, 2018
  • Patch: 4.0.0
  • Difficulty: Easy
Show
View Real Time Build Order
Export as new Build Order

Comments (0)

There are no comments. Be the first!

Create an account to comment!